 Dungeon Crawl Stone Soup version 0.27.0-1-g7a089689b8 (webtiles) character file.

Game seed: 6611121616670502260

3635 Alakanar the Cleaver (level 9, -9/79 HPs)
             Began as a Minotaur Berserker on Aug 6, 2021.
             Was an Elder of Trog.
             Mangled by an orc warrior (12 damage)
             ... in a bailey on Aug 7, 2021.
             The game lasted 00:29:29 (8367 turns).

Alakanar the Cleaver (Minotaur Berserker)           Turns: 8367, Time: 00:29:35

Health: -9/79      AC: 14    Str: 25    XL:     9   Next: 87%
Magic:  8/8        EV:  9    Int:  4    God:    Trog [****..]
Gold:   170        SH:  0    Dex: 10    Spells: 8/8 levels left

rFire    + . .     SeeInvis .   I - +0 broad axe
rCold    . . .     Faith    .   (no shield)
rNeg     . . .     Spirit   .   x - +0 chain mail {rF+}
rPois    .         Reflect  .   (helmet restricted)
rElec    .         Harm     .   t - +2 cloak
rCorr    .         Rampage  .   (no gloves)
Will     +....                  (no boots)
Stlth    ..........             (no amulet)
HPRegen  0.23/turn              u - ring of willpower
MPRegen  0.11/turn              (no ring)

@: brilliant, on berserk cooldown
A: horns 2, retaliatory headbutt
a: Renounce Religion, Berserk, Trog's Hand, Brothers in Arms


You were in a bailey.
You worshipped Trog.
Trog was greatly pleased with you.
You visited 1 branch of the dungeon, and saw 7 of its levels.
You also visited: Bailey.

You collected 363 gold pieces.
You spent 193 gold pieces at shops.

Inventory:

Hand Weapons
 a - a +0 hand axe
 p - a +0 war axe
 y - a +0 hand axe of freezing
 G - a +0 spear
 I - a +0 broad axe (weapon)
Missiles
 d - 308 stones (quivered)
 j - 2 throwing nets
Armour
 b - a +0 animal skin
 c - a +0 scale mail
 k - a +0 chain mail
 t - a +2 cloak (worn)
 x - a +0 chain mail of fire resistance (worn)
 J - a +0 chain mail
Jewellery
 u - a ring of willpower (left hand)
 F - a ring of willpower
Wands
 A - a wand of iceblast (5)
 C - a wand of charming (3)
 D - a wand of flame (7)
Scrolls
 e - 4 scrolls of amnesia {unknown}
 f - a scroll of acquirement {unknown}
 h - 2 scrolls of teleportation {unknown}
 i - a scroll of silence {unknown}
 m - 6 scrolls of identify
 o - 2 scrolls of noise {unknown}
 q - 2 scrolls of blinking {unknown}
 B - a scroll of fear {unknown}
 H - a scroll of vulnerability {unknown}
 K - 2 scrolls of enchant weapon {unknown}
Potions
 g - a potion of brilliance
 l - a potion of might {unknown}
 n - 3 potions of attraction {unknown}
 r - a potion of mutation {unknown}
 s - 3 potions of curing {unknown}
 v - a potion of flight {unknown}
 w - a potion of degeneration {unknown}
 z - a potion of resistance {unknown}
 E - 2 potions of heal wounds {unknown}


   Skills:
 + Level 7.2 Fighting
 * Level 12.4 Axes
 + Level 2.3 Throwing
 + Level 8.8 Armour
 + Level 3.8 Dodging
 + Level 0.9 Stealth


You had 8 spell levels left.
You didn't know any spells.
Your spell library was empty.

Dungeon Overview and Level Annotations

Branches:
Dungeon (7/15)             Temple (0/1) D:5          Bailey (1/1)

Altars:
Dithmenos
Qazlal
Trog
Xom

Shops:
D:1 [   D:4 [   D:5 (   D:7 ?


Innate Abilities, Weirdness & Mutations

You have a pair of horns on your head.
You reflexively headbutt those who attack you in melee.


Message History

You closely miss the goblin. Your headbutt misses the goblin.
The goblin hits you but does no damage.
You barely miss the orc knight. You closely miss the orc knight.
You feel yourself speed up.
The orc knight hits you with a +0 broad axe!!
You barely miss the orc knight. You closely miss the goblin.
The goblin barely misses you.
The orc knight hits you with a +0 broad axe.
You barely miss the orc knight. You slash the goblin!
You kill the goblin!
Trog accepts your kill. The orc knight barely misses you.
You hit the orc knight but do no damage.
You hit the orc warrior.
The orc knight hits you with a +0 broad axe!!
* * * LOW HITPOINT WARNING * * *
The orc warrior hits you with a +0 war axe!
* * * LOW HITPOINT WARNING * * *
It was a potion of brilliance.
You feel clever all of a sudden.
The orc warrior no longer looks unusually strong.
The orc knight hits you but does no damage.
The orc warrior closely misses you.
The orc warrior hits you with a +0 war axe.
* * * LOW HITPOINT WARNING * * *
Your black bear goes berserk!
The orc knight roars a battlecry!
The orc warrior goes into a battle-frenzy!
Your black bear closely misses the orc warrior.
Your black bear claws the orc warrior. x2
The orc warrior hits your black bear with a +0 war axe!!
You swap places.
Your black bear bites the orc knight!
Your black bear closely misses the orc knight.
Your black bear claws the orc knight!
The orc knight closely misses you.
The orc knight hits your black bear with a +0 broad axe!
Your black bear dies!
Your black bear's corpse disappears in a puff of smoke!
The orc warrior hits you with a +0 war axe!
You die...

##≈≈.......≈≈##
.'≈≈.......≈≈'.
##≈≈.......≈≈##
.'≈≈.......≈≈'.
##≈≈.......≈≈##
##≈.......≈##
####'''####
##..†..##
#∩@...)∩#
#§oo8...#
##.....##
###)### ...#
...... ........
...........
............


You could see an orc knight and an orc warrior (strong).

Vanquished Creatures
  An orc knight (Bailey)
  Maggie (D:7)
  A wyvern (D:6)
  A steam dragon (D:6)
  2 water moccasins
  2 black bears (D:4)
  2 sky beasts
  An ice beast (D:6)
  An ogre (D:4)
  3 phantoms
  2 kobold brigands (D:3)
  Blork the orc (D:5)
  3 bullfrogs
  A scorpion (D:7)
  A water moccasin zombie (D:6)
  4 wights (D:7)
  An electric eel (D:6)
  3 hounds
  2 bullfrog zombies
  Crazy Yiuf (D:5)
  A centaur skeleton (D:5)
  An orc priest (D:5)
  A jelly (D:7)
  A bullfrog skeleton (D:6)
  A gnoll shaman (D:7)
  5 iguanas
  An orc wizard (D:5)
  Ijyb (D:5)
  A howler monkey zombie (D:6)
  18 gnolls
  A howler monkey skeleton (D:7)
  7 adders
  2 shadow imps
  A white imp (D:6)
  4 worms
  3 dart slugs
  22 orcs
  11 bats
  6 endoplasms
  5 giant cockroaches
  11 goblins
  8 hobgoblins
  3 jackals
  4 quokkas
  6 ball pythons
  A frilled lizard (D:1)
  52 kobolds
  8 rats
220 creatures vanquished.

Vanquished Creatures (others)
  A wizard (D:5)
  A white imp (D:6)
  11 plants (D:6)
13 creatures vanquished.

Grand Total: 233 creatures vanquished

Notes
Turn   | Place    | Note
-------+----------+-------------------------------------------
     0 | D:1      | Alakanar the Minotaur Berserker began the quest for the
                  | Orb.
     0 | D:1      | Reached XP level 1. HP: 19/19 MP: 0/0
   286 | D:1      | Reached skill level 4 in Axes
   327 | D:1      | Reached XP level 2. HP: 27/27 MP: 1/1
   506 | D:1      | Found Ochul's Antique Armour Shop.
   826 | D:1      | Reached ** piety under Trog
   834 | D:1      | Reached XP level 3. HP: 32/33 MP: 2/2
   854 | D:1      | Found a faded altar of an unknown god.
  1754 | D:2      | Reached skill level 5 in Axes
  1906 | D:2      | Reached XP level 4. HP: 32/40 MP: 3/3
  2288 | D:3      | Found a shimmering altar of Xom.
  3071 | D:3      | Reached XP level 5. HP: 46/46 MP: 4/4
  3088 | D:3      | Reached skill level 6 in Axes
  3091 | D:3      | Reached *** piety under Trog
  3594 | D:3      | Reached skill level 7 in Axes
  3594 | D:3      | Reached XP level 6. HP: 34/53 MP: 5/5
  4419 | D:3      | You fall into a shaft and drop 1 floor!
  4477 | D:4      | Reached XP level 7. HP: 15/60 MP: 6/6
  4789 | D:4      | Reached skill level 5 in Fighting
  4789 | D:4      | Reached skill level 8 in Axes
  4838 | D:4      | Reached skill level 5 in Armour
  5084 | D:4      | Found Reth's Antique Armour Shoppe.
  5091 | D:4      | Bought a glowing cloak for 165 gold pieces
  5214 | D:5      | Entered Level 5 of the Dungeon
  5214 | D:5      | Found a staircase to the Ecumenical Temple.
  5230 | D:5      | Found a bloodstained altar of Trog.
  5235 | D:5      | Noticed a wizard
  5242 | D:5      | Killed a wizard
  5335 | D:5      | Reached **** piety under Trog
  5341 | D:5      | Found a shadowy altar of Dithmenos.
  5552 | D:5      | Reached skill level 9 in Axes
  5552 | D:5      | Reached XP level 8. HP: 69/69 MP: 7/7
  5753 | D:5      | Noticed Ijyb
  5765 | D:5      | Killed Ijyb
  5800 | D:5      | Found Zogih's Antique Weapon Emporium.
  5912 | D:5      | Found a runed translucent door.
  5913 | D:5      | Noticed Crazy Yiuf
  6000 | D:5      | Noticed Blork the orc
  6013 | D:5      | Killed Blork the orc
  6014 | D:5      | Reached skill level 10 in Axes
  6371 | D:5      | Killed Crazy Yiuf
  6853 | D:6      | Reached skill level 11 in Axes
  7090 | D:6      | Reached XP level 9. HP: 75/75 MP: 8/8
  7405 | D:6      | Found a stormy altar of Qazlal.
  7905 | D:7      | Found Ulawn's Magic Scroll Shop.
  7912 | D:7      | Bought a scroll of identify for 28 gold pieces
  8059 | D:7      | Noticed Maggie
  8078 | D:7      | Killed Maggie
  8079 | D:7      | Reached skill level 12 in Axes
  8097 | D:7      | Found a flagged portal.
  8159 | Bailey   | Entered a bailey
  8319 | Bailey   | Noticed an orc knight
  8330 | Bailey   | Killed an orc knight
  8352 | Bailey   | Noticed an orc knight
  8361 | Bailey   | HP: 3/79 [orc warrior (14)]
  8367 | Bailey   | Mangled by an orc warrior

Illustrated notes

Levels and vault maps discovered:
D:1:      scummos_arrival_gate, layout_loops_cross, serial_shops, shop,
          shapermc_ecumenical_altar_petra, minivault_27,
          hangedman_abyss_or_decor_stabs
D:2:      layout_loops_ring
D:3:      minmay_goblin_kobold_castle, layout_loops_ring,
          mainiacjoe_overflow_alcove_2, minmay_cupped
D:4:      layout_rooms, serial_shops, shop_fountains
D:5:      layout_rooms, trog_wizard, nicolae_dithmenos_shadow_blocks,
          temple_pool_b, serial_shops, nicolae_diamond_shop, dk_vineyard_3,
          kennysheep_doodads, hangedman_abyss_or_decor_jellyfish_corner,
          corexii_shack, minmay_fractal_squares_gapless_5, uniq_ijyb,
          uniq_blork_the_orc, uniq_crazy_yiuf_cottage
D:6:      layout_rooms, nicolae_qazlal_scattered_showers,
          nicolae_overflow_hidden_temple, serial_bayou_lake_a
D:7:      layout_loops_ring, enter_bailey_3, serial_shops, nicolae_shop_crystal,
          uniq_maggie
Bailey:   bailey_axe_3, bailey

Skill      XL: |  1  2  3  4  5  6  7  8  9 |
---------------+----------------------------+-----
Axes           | 4 5 7 9 11 12 | 12.4
Fighting       | 4 5 7 |  7.2
Armour         | 3 4 5 7 8 |  8.8
Dodging        | 3 |  3.8
Throwing       | 2 |  2.3
Stealth        | |  0.9

Action                   |  1- 3 |  4- 6 |  7- 9 || total
-------------------------+-------+-------+-------++-------
Melee: Hand axe          |    78 |   182 |   230 ||   490
       Headbutt          |    10 |    28 |    60 ||    98
       War axe           |       |       |    74 ||    74
       Broad axe         |       |       |     9 ||     9
Throw: Stone             |       |       |   103 ||   103
Invok: Berserk           |       |     5 |     7 ||    12
       Brothers in Arms  |       |       |     2 ||     2
       Trog's Hand       |       |       |     1 ||     1
  Use: Potion            |       |       |     1 ||     1
Armor: Scale mail        |    41 |    82 |    13 ||   136
       Animal skin       |     3 |       |       ||     3
       Chain mail        |       |       |   137 ||   137
Dodge: Dodged            |    74 |   106 |   150 ||   330
